 Dungeon Crawl Stone Soup version 0.32-a0-779-g362cfcae2a (webtiles) character file.

Game seed: 14286601563858722264

95 pokeman the Magician (level 4, -4/25 HPs)
             Began as a Deep Elf Hedge Wizard on Mar 19, 2024.
             Slain by a gnoll
             ... wielding a +0 whip
              (7 damage)
             ... on level 2 of the Dungeon.
             The game lasted 00:03:44 (2429 turns).

pokeman the Magician (Deep Elf Hedge Wizard)        Turns: 2429, Time: 00:03:45

Health: -4/25      AC:  2    Str: 13    XL:     4   Next: 39%
Magic:  4/13       EV: 11    Int: 21    God:
Gold:   107        SH:  0    Dex: 14    Spells: 6/14 levels left

rFire   . . .        a - +0 dagger
rCold   . . .        (no shield)
rNeg    . . .        b - +0 robe
rPois   +            c - +0 hat
rElec   .            (no cloak)
rCorr   .            (no gloves)
SInv    .            (no boots)
Will    .....        (no amulet)
Stlth   ++           i - ring of poison resistance
HPRegen 0.24/turn    l - +6 ring of strength
MPRegen 0.13/turn

%: no passive effects
@: no status effects
A: no striking features
a: no special abilities


You were on level 2 of the Dungeon.
You visited 1 branch of the dungeon, and saw 3 of its levels.

You collected 107 gold pieces.

Inventory:

Hand Weapons
 a - a +0 dagger (weapon)
Armour
 b - a +0 robe (worn)
 c - a +0 hat (worn)
Jewellery
 i - a ring of poison resistance (left hand)
 l - a +6 ring of strength (right hand)
Scrolls
 f - a scroll of teleportation {unknown}
 g - a scroll of amnesia {unknown}
 m - a scroll of blinking {unknown}
 o - a scroll of enchant armour {unknown}
 p - a scroll of enchant weapon {unknown}
Potions
 d - a potion of magic
 e - 3 potions of haste {unknown}
 h - a potion of berserk rage {unknown}
 j - a potion of might {unknown}
 k - 2 potions of heal wounds {unknown}
 n - a potion of ambrosia {unknown}


   Skills:
 + Level 1.2 Fighting
 - Level 1.0 Armour
 + Level 2.7 Dodging
 - Level 2.4 Stealth
 * Level 5.7 Spellcasting
 + Level 2.2 Conjurations
 - Level 1.1 Summonings
 - Level 1.1 Translocations


You had 6 spell levels left.
You knew the following spells:

 Your Spells              Type           Power      Damage    Failure   Level
a - Magic Dart            Conj           60%        1d6       4%          1
b - Mephitic Cloud        Conj/Alch/Air  9%         N/A       22%         3
c - Call Imp              Summ           20%        N/A       10%         2
d - Blink                 Tloc           20%        N/A       10%         2

Your spell library contained the following spells:

 Spells                   Type           Power      Damage    Failure   Level
 Apportation              Tloc           20%        N/A       6%          1
 Sting                    Conj/Alch      40%        1d5       6%          1
 Summon Small Mammal      Summ           40%        N/A       6%          1
 Freeze                   Ice            24%        1d4       10%         1
 Necrotise                Necr           24%        1d5       10%         1
 Slow                     Hex            24%        N/A       10%         1
 Cigotuvi's Dreadful Rot  Necr/Alch/Air  12%        N/A       16%         2
 Hailstorm                Conj/Ice       10%        3d6       19%         3
 Summon Ice Beast         Ice/Summ       8%         N/A       24%         3
 Frozen Ramparts          Ice            12%        1d2       30%         3
 Summon Mana Viper        Hex/Summ       8%         N/A       92%         5
 Alistair's Intoxication  Alch           4%         N/A       95%         5
 Borgnjor's Vile Clutch   Necr/Erth      3%         N/A       95%         5
 Eringya's Noxious Bog    Alch           3%         4d6       100%        6
 Monstrous Menagerie      Summ           5%         N/A       100%        7


Dungeon Overview and Level Annotations

Branches:
Dungeon (3/15)

Altars:

Annotations:
D:3 Natasha


Message History

You are frozen.
The gnoll hits you with a +0 whip. Natasha barely misses you.
You climb upwards.
There is a stone staircase leading down here.
Unknown command.
Unknown command.
Casting: Mephitic Cloud (extremely dangerous; 22% risk of failure)
Confirm with . or Enter, or press ? or * to list all spells.
You blink.
The endoplasm jiggles.
Your magical contamination has completely faded away.
Casting: Blink (safe; 10% risk of failure)
Confirm with . or Enter, or press ? or * to list all spells.
Aiming: Mephitic Cloud (extremely dangerous; 22% risk of failure)
Press: ? - help, Shift-Dir - straight line The ball explodes into a vile cloud!
The stinking cloud engulfs the endoplasm.
The endoplasm is lightly wounded.
The stinking cloud engulfs the gnoll.
Unknown command.
Unknown command.
Casting: Mephitic Cloud (extremely dangerous; 22% risk of failure)
Confirm with . or Enter, or press ? or * to list all spells.
Aiming: Magic Dart (safe; 4% risk of failure)
Press: ? - help, Shift-Dir - straight line, f - gnoll
Aim: a gnoll, wielding a +0 whip (100% to hit)
The magic dart hits the endoplasm.
You kill the endoplasm!
You feel ready to blink again.
Unknown command.
The gnoll is engulfed in noxious fumes.
The gnoll appears confused.
The gnoll hits you with a +0 whip!
You hit the gnoll.
The gnoll is lightly wounded.
The gnoll is engulfed in noxious fumes.
The gnoll appears confused.
The gnoll hits you with a +0 whip!
* * * LOW HITPOINT WARNING * * *
You hit the gnoll but do no damage.
The gnoll is lightly wounded.
The gnoll is engulfed in noxious fumes.
The gnoll hits you with a +0 whip!
You die...

#.........#........#
##........#........##
#...................
#.............######
#..................#
#..................#
#######............#
#######>...........
####.@................
#....○g.....####.....#
#...............[÷####
#.................####
####..............##..
#..................
####..................
#...######.#..........
#.....#.............#.


You could see a gnoll (confused).

Vanquished Creatures
  4 adders
  3 ribbon worms (D:2)
  2 dart slugs (D:1)
  3 bats
  5 endoplasms
  3 giant cockroaches
  7 goblins
  2 hobgoblins (D:1)
  2 jackals (D:2)
  2 quokkas (D:1)
  4 ball pythons
  3 frilled lizards
  5 kobolds
  A rat (D:1)
46 creatures vanquished.

Notes
Turn   | Place    | Note
-------+----------+-------------------------------------------
     0 | D:1      | pokeman the Deep Elf Hedge Wizard began the quest for the
                  | Orb.
     0 | D:1      | Reached XP level 1. HP: 10/10 MP: 7/7
   255 | D:1      | Reached XP level 2. HP: 15/15 MP: 7/9
   638 | D:1      | Found a faded altar of an unknown god.
   657 | D:1      | Reached skill level 5 in Spellcasting
  1015 | D:1      | Reached XP level 3. HP: 18/20 MP: 6/11
  1019 | D:1      | Learned a level 3 spell: Mephitic Cloud
  1022 | D:1      | Learned a level 2 spell: Call Imp
  1025 | D:1      | Learned a level 2 spell: Blink
  1457 | D:2      | Reached skill level 1 in Armour
  1469 | D:2      | Reached skill level 1 in Fighting
  1480 | D:2      | Reached XP level 4. HP: 6/25 MP: 1/13
  2345 | D:3      | Noticed Natasha
  2429 | D:2      | Slain by a gnoll

Illustrated notes

Levels and vault maps discovered:
D:1:      minmay_arrival_plants_in_alcoves, layout_basic,
          shapermc_ecumenical_altar_mp_urbaneastern
D:2:      layout_basic
D:3:      layout_basic, mainiacjoe_overflow_alcove_1, uniq_natasha

Skill      XL: |  1  2  3 |
---------------+----------+-----
Spellcasting   | 5 |  5.7
Armour         | 1 |  1.0
Fighting       | 1 |  1.2
Conjurations   | 2 |  2.2
Dodging        | |  2.7
Stealth        | |  2.4
Summonings     | |  1.1
Translocations | |  1.1

Action                     |  1- 3 |  4- 6 || total
---------------------------+-------+-------++-------
  Melee: Dagger            |    29 |     5 ||    34
   Cast: Magic Dart        |    76 |    35 ||   111
         Mephitic Cloud    |     3 |     3 ||     6
         Call Imp          |     1 |       ||     1
         Blink             |       |     1 ||     1
   Stab: Confused          |     2 |     1 ||     3
 Armour: Robe              |    28 |     8 ||    36
  Dodge: Dodged            |    27 |     3 ||    30

Table legend: (Time is in decaauts)
 A = Elapsed time spent in this place.
 B = Non-inter-level travel time spent in this place.
 C = Inter-level travel time spent in this place.
 D = Time resting spent in this place.
 E = Time spent auto-exploring this place.
 F = Levels seen in this place.
 G = Mean time per level.
                   A        B        C        D        E       F      G
               +--------+--------+--------+--------+--------+-----+--------+
         Total |   2429 |   2353 |     76 |    195 |   1854 |   3 |  809.7 |
       Dungeon |   2429 |   2353 |     76 |    195 |   1854 |   3 |  809.7 |
               +--------+--------+--------+--------+--------+-----+--------+

Top non-repeatable levels by time:
     D:2: 1284 daAuts
     D:1: 1131 daAuts
     D:3: 13 daAuts
